 Dungeon Crawl Stone Soup version 0.28-a0-697-g47f3eba078 (webtiles) character file.

Game seed: 14677531489625533510

5480 Sabo the Protected (level 11, -11/83 HPs)
             Began as a Formicid Fighter on Oct 23, 2021.
             Was an Initiate of Gozag.
             Mangled by Pikel (15 damage)
             ... on level 9 of the Dungeon.
             The game lasted 01:08:48 (11554 turns).

Sabo the Protected (Formicid Fighter)              Turns: 11554, Time: 01:08:50

Health: -11/83     AC: 11    Str: 15 (17) XL:     11   Next: 0%
Magic:  11/11      EV: 14    Int: 13      God:    Gozag
Gold:   706        SH: 13    Dex: 12 (13) Spells: 10/10 levels left

rFire   + . .      SeeInvis +   C - +5 trident (venom)
rCold   . . .      Faith    .   G - +3 kite shield of the Land of Plenty {rPois rF+ Str-5 Dex+2}
rNeg    . . .      Spirit   .   g - +2 scale mail {Will+}
rPois   +          Reflect  .   (helmet unavailable)
rElec   .          Harm     .   I - +1 cloak of Starlight {*Dazzle EV+4 Stlth--}
rCorr   .          Rampage  .   p - +0 pair of gloves
Will    ++...                   q - +0 pair of boots
Stlth   ..........              (no amulet)
HPRegen 0.23/turn               r - ring "Dejuil" {AC+4 Int+4}
MPRegen 0.12/turn               c - +4 ring of protection

@: corroded, studying Throwing, unable to read
A: permanent stasis, dig shafts and tunnels, antennae 3, four strong arms,
deterioration 2, inability to read while threatened
a: Dig, Shaft Self, Renounce Religion, Potion Petition, Call Merchant, Bribe
Branch


You were on level 9 of the Dungeon.
You worshipped Gozag.
Gozag was pleased with you.
You visited 1 branch of the dungeon, and saw 9 of its levels.
You also visited: Ossuary.

You collected 1682 gold pieces.
You spent 976 gold pieces at shops.

Inventory:

Hand Weapons
 b - the +3 hand axe of Freehold {venom, Int+2 Dex+3}
   (You found it on level 4 of the Dungeon)

   It poisons the flesh of those it strikes.
   Int:       It affects your intelligence (+2).
   Dex:       It affects your dexterity (+3).
 e - a +2 war axe of electrocution
 k - a +1 spear of flaming
 A - a +0 hunting sling
 C - a +5 trident of venom (weapon)
 L - a +2 flail of protection
Missiles
 a - 2 silver javelins
 h - 34 poisoned darts (quivered)
 j - 123 arrows
 l - 75 sling bullets
 m - 38 bolts
 z - 2 boomerangs
 K - 6 javelins
Armour
 g - a +2 scale mail of willpower (worn)
 p - a +0 pair of gloves (worn)
 q - a +0 pair of boots (worn)
 G - the +3 kite shield of the Land of Plenty (worn) {rPois rF+ Str-5 Dex+2}
   (You took it off a gnoll sergeant on level 5 of the Dungeon)

   Str:       It affects your strength (-5).
   Dex:       It affects your dexterity (+2).
   rF:        It protects you from fire.
   rPois:     It protects you from poison.
 I - the +1 cloak of Starlight (worn) {*Dazzle EV+4 Stlth--}
   (You bought it in a shop on level 2 of the Dungeon)

   It may blind those who miss an attack against the wearer in melee combat.
   EV:        It affects your evasion (+4).
   Stlth:     It makes you much less stealthy.
Jewellery
 c - a +4 ring of protection (right hand)
 i - a ring of poison resistance
 r - the ring "Dejuil" (left hand) {AC+4 Int+4}
   (You acquired it on level 3 of the Dungeon)

   [ring of protection]

   AC:        It affects your AC (+4).
   Int:       It affects your intelligence (+4).
 v - a ring of resist corrosion
Wands
 t - a wand of iceblast (14)
 w - a wand of paralysis (5)
 J - a wand of polymorph (5)
Scrolls
 s - 4 scrolls of fog
 u - a scroll of silence
 y - a scroll of magic mapping
 H - a scroll of summoning
Potions
 d - 4 potions of might
 f - 7 potions of curing
 n - a potion of heal wounds
 x - 3 potions of flight
 D - a potion of cancellation
 E - a potion of resistance {unknown}


   Skills:
 + Level 6.7 Fighting
 + Level 7.7(8.7) Axes
 + Level 3.5(6.1) Maces & Flails
 + Level 4.9(7.0) Polearms
 + Level 3.4 Throwing
 + Level 8.1 Armour
 + Level 3.3 Dodging
 + Level 3.8 Stealth
 + Level 8.1 Shields


You had 10 spell levels left.
You didn't know any spells.
Your spell library contained the following spells:

 Spells                   Type           Power      Damage    Failure   Level
 Foxfire                  Conj/Fire      0%         2x1d4     77%         1
 Passwall                 Tmut/Erth      0%         N/A       88%         2
 Scorch                   Fire           0%         2d5       88%         2
 Conjure Flame            Conj/Fire      0%         6-21      98%         3
 Inner Flame              Hex/Fire       0%         N/A       98%         3
 Flame Wave               Conj/Fire      0%         3d3       100%        4
 Lee's Rapid Deconstruct  Erth           0%         3d5*      100%        5
 Invisibility             Hex            0%         N/A       100%        6
 Shatter                  Erth           0%         3d5*      100%        9
 Swiftness                Air            Unusable   N/A       N/A         3

Dungeon Overview and Level Annotations

Branches:
Dungeon (9/15)             Temple (0/1) D:7         Ossuary (visited)
   Lair: D:8-11         Orc: D:9-12

Altars:
Elyvilon
Fedhas
Gozag
Makhleb
Qazlal
Sif Muna
Trog
Wu Jian
Yredelemnul
Zin
The Shining One

Shops:
D:2 [!*=   D:3 *

Annotations:
D:9 Pikel


Innate Abilities, Weirdness & Mutations

You cannot be hasted, slowed, berserked, paralysed or teleported.
You can dig through walls and to a lower floor.
You have a pair of large antennae on your head. (SInv)
Your four strong arms can wield two-handed weapons with a shield.
Your body often deteriorates upon taking damage.
You sometimes lose the ability to read scrolls when taking damage.


Message History

Pikel is no longer blind.
The lemure hits you but does no damage. You block the lemure's attack.
Pikel closely misses you. The lemure hits you but does no damage.
You hit Pikel but do no damage.
Pikel looks as sick as possible!
Pikel is lightly wounded.
The lemure closely misses you. x2; Pikel zaps a wand.
The bolt of acid hits you!
Your body deteriorates!
You feel weakened. The lemure hits you.
You puncture Pikel!
Pikel looks as sick as possible!
Pikel is heavily wounded.
You block the lemure's attack. The lemure hits you but does no damage.
Pikel zaps a wand.
The bolt of acid hits you!
* * * LOW HITPOINT WARNING * * *
The acid corrodes you! The lemure barely misses you.
The lemure is blinded by the light from your cloak!
You feel much better. You block the lemure's attack.
The lemure barely misses you.
Pikel zaps a wand.
The bolt of acid hits you!!
* * * LOW HITPOINT WARNING * * *
Your body deteriorates!
You feel weakened. The acid corrodes you!
The now-empty wand crumbles to dust.
The lemure hits you but does no damage.
You completely miss Pikel.
Pikel is severely wounded.
The lemure hits you.
* * * LOW HITPOINT WARNING * * *
The lemure hits you but does no damage. You block Pikel's attack.
The lemure hits you but does no damage.
You hit Pikel.
Pikel looks as sick as possible!
Pikel is almost dead.
You block the lemure's attack. The lemure closely misses you.
You block Pikel's attack.
You hit Pikel but do no damage.
Pikel is almost dead.
The lemure closely misses you. The lemure barely misses you.
Pikel hits you with a +0 whip of electrocution!
* * * LOW HITPOINT WARNING * * *
Your body deteriorates!
You feel clumsy.
You are electrocuted!
You die...
Your body crumbles into a pile of gold.

#.... # #...# #.
....## .# .... .
...# #.#..# #.#5K#
######+## #..@5#
#...#...##
###5#####.#......##
#..##.._...^....##
##...#.#.#........#
#.......+.........'
##...####.........#
#..## ##.......##
#.## ##.....## #.#
##...##


You could see Pikel (extremely poisoned) and 3 lemures.

Vanquished Creatures
  A two-headed ogre (D:8)
  The ghost of AlleluiaPinecone the Cudgeller, a novice TrBe of Trog (D:5)
  Prince Ribbit (D:8)
  A wraith (D:8)
  5 yaks
  A steam dragon (D:9)
  An acid dragon (D:9)
  A water moccasin (D:7)
  An orc warrior (D:9)
  A sky beast (D:8)
  A black bear (D:6)
  A necrophage (D:8)
  3 ogres
  A lemure (D:9)
  2 centaurs
  A phantom (D:4)
  4 bullfrogs
  3 scorpions
  4 gnoll sergeants
  A wyvern zombie (D:8)
  10 killer bees
  A howler monkey (D:5)
  3 centaur zombies
  A centaur skeleton (D:5)
  A jelly (D:8)
  An orc priest (D:5)
  2 gnoll shamans
  A hound (D:4)
  Ijyb (D:5)
  Terence (D:2)
  4 iguanas
  3 orc wizards
  A killer bee zombie (D:8)
  A hound zombie (D:5)
  2 hound skeletons (D:4)
  3 mummies (Ossuary)
  A howler monkey zombie (D:6)
  A howler monkey skeleton (D:4)
  16 gnolls
  6 adders
  A shadow imp (D:7)
  3 white imps
  An ufetubus (D:4)
  2 adder zombies (Ossuary)
  9 dart slugs (D:5)
  A worm (D:5)
  15 orcs
  6 ball pythons
  4 endoplasms
  2 giant cockroaches
  6 goblins
  5 hobgoblins
  3 quokkas
  3 bats
  7 frilled lizards
  A gnoll zombie (Ossuary)
  4 goblin zombies (Ossuary)
  2 hobgoblin zombies (Ossuary)
  5 kobolds
  6 kobold zombies (Ossuary)
  2 quokka zombies (Ossuary)
  6 rats
  A rat zombie (Ossuary)
190 creatures vanquished.

Vanquished Creatures (others)
  A dart slug (D:5)
  6 plants (D:5)
7 creatures vanquished.

Grand Total: 197 creatures vanquished

Notes
Turn   | Place    | Note
-------+----------+-------------------------------------------
     0 | D:1      | Sabo the Formicid Fighter began the quest for the Orb.
     0 | D:1      | Reached XP level 1. HP: 18/18 MP: 1/1
   290 | D:1      | Reached XP level 2. HP: 23/24 MP: 2/2
  1276 | D:2      | Found a faded altar of an unknown god.
  1285 | D:2      | Prayed at the altar of an unknown god.
  1285 | D:2      | Became a worshipper of Gozag Ym Sagoz the Greedy
  1301 | D:2      | Found Kiuntaiv's Antique Armour Shop.
  1362 | D:2      | Reached XP level 3. HP: 28/29 MP: 3/3
  1504 | D:2      | Found Jauptuf's Jewellery Boutique.
  1702 | D:2      | Found Meefawn's General Store.
  1703 | D:2      | Noticed Terence
  1716 | D:2      | Killed Terence
  1717 | D:2      | Reached XP level 4. HP: 4/35 MP: 4/4
  2423 | D:2      | Found Tiatiyha's Distillery.
  2427 | D:2      | Bought a potion of heal wounds for 50 gold pieces
  2488 | D:3      | Found Cogroxi's Assorted Antiques.
  2879 | D:3      | Reached skill level 1 in Dodging
  3149 | D:4      | Found a shimmering blue altar of Sif Muna.
  3738 | D:4      | Reached XP level 5. HP: 40/42 MP: 5/5
  3754 | D:4      | Noticed a phantom
  3772 | D:4      | Killed a phantom
  3773 | D:4      | Reached skill level 1 in Maces & Flails
  3778 | D:4      | Reached XP level 6. HP: 43/48 MP: 6/6
  4502 | D:4      | Got the Collected Works on Earthen Ignition
  4551 | D:4      | Identified the +3 hand axe of Freehold {venom, Int+2 Dex+3}
  4802 | D:5      | Entered Level 5 of the Dungeon
  4820 | D:5      | Reached XP level 7. HP: 54/54 MP: 7/7
  4883 | D:5      | Noticed AlleluiaPinecone's ghost (novice TrBe)
  4912 | D:5      | Found a transporter.
  4919 | D:5      | Identified the +3 kite shield of the Land of Plenty {rPois
                  | rF+ Str-5 Dex+2}
  5001 | D:5      | Found a transporter.
  5009 | D:5      | Found a basalt altar of Yredelemnul.
  5253 | D:5      | Reached skill level 5 in Armour
  5315 | D:5      | Noticed Ijyb
  5335 | D:5      | Killed Ijyb
  5336 | D:5      | Reached skill level 5 in Shields
  5937 | D:6      | Reached skill level 1 in Stealth
  5944 | D:6      | Reached XP level 8. HP: 52/61 MP: 8/8
  6085 | D:6      | Found a large runed translucent door.
  6086 | D:6      | Found a large runed translucent door.
  6138 | D:6      | Found a white marble altar of Elyvilon.
  6138 | D:6      | Noticed a yak
  6150 | D:6      | Killed a yak
  6151 | D:6      | Reached skill level 5 in Axes
  6234 | D:6      | Found a bloodstained altar of Trog.
  6400 | D:6      | Found a blossoming altar of Fedhas.
  6998 | D:7      | Reached XP level 9. HP: 49/67 MP: 9/9
  7180 | D:7      | Found a sand-covered staircase.
  7185 | Ossuary  | Entered an ossuary
  7482 | D:7      | Reached skill level 5 in Fighting
  7926 | D:7      | Found an opulent altar of Gozag.
  8020 | D:7      | Found a staircase to the Ecumenical Temple.
  8321 | D:2      | Bought the +1 cloak of Starlight {*Dazzle EV+4 Stlth--} for
                  | 701 gold pieces
  8321 | D:2      | Found the +1 cloak of Starlight {*Dazzle EV+4 Stlth--}
  8434 | D:2      | Bought a runed scale mail for 161 gold pieces
  8499 | D:2      | Bought a scroll of identify for 22 gold pieces
  8565 | D:3      | Bought a scroll of identify for 42 gold pieces
  8585 | D:3      | Identified a scroll of acquirement
  8585 | D:3      | Acquired the ring "Dejuil" {AC+4 Int+4}
  8693 | D:5      | Reached skill level 1 in Throwing
  8715 | D:5      | Killed AlleluiaPinecone's ghost
  9059 | D:5      | Gained mutation: Your body sometimes deteriorates upon
                  | taking damage. [potion of mutation]
  9059 | D:5      | Gained mutation: Your body often deteriorates upon taking
                  | damage. [potion of mutation]
  9059 | D:5      | Gained mutation: You sometimes lose the ability to read
                  | scrolls when taking damage. [potion of mutation]
  9613 | D:8      | Reached XP level 10. HP: 76/76 MP: 10/10
  9628 | D:8      | Found a burning altar of Makhleb.
  9630 | D:8      | Noticed a cacodemon
  9635 | D:8      | Found a glowing silver altar of Zin.
  9636 | D:8      | Noticed an angel
  9753 | D:8      | Noticed Prince Ribbit
  9762 | D:8      | Killed Prince Ribbit
  9763 | D:8      | Reached skill level 1 in Polearms
  9845 | D:8      | Noticed a two-headed ogre
  9865 | D:8      | Killed a two-headed ogre
 10428 | D:8      | Found an ornate altar of the Wu Jian Council.
 10428 | D:8      | Found a stormy altar of Qazlal.
 11495 | D:9      | Found a glowing golden altar of the Shining One.
 11518 | D:9      | Reached XP level 11. HP: 83/83 MP: 11/11
 11531 | D:9      | Noticed Pikel
 11554 | D:9      | HP: 4/83 [Pikel (9)]
 11554 | D:9      | Mangled by Pikel

Illustrated notes

Levels and vault maps discovered:
D:1:      dpeg_arrival_circle_labyrinth_a, layout_basic,
          minmay_misc_feat_secret_circle
D:2:      layout_loops_ring, serial_shops, shop, nicolae_diamond_shop,
          nicolae_shop_temple_entry_statues_fountains, shop,
          ebering_ecumenical_altar_hall, uniq_terence
D:3:      layout_rooms, serial_shops, shop, corner_web_ring
D:4:      layout_basic, mainiacjoe_overflow_alcove_2, minmay_puff
D:5:      kennysheep_slugbush, layout_rooms, nicolae_overflow_crystal_walls,
          gammafunk_ghost_gnarly_gnolls, uniq_ijyb
D:6:      minmay_inner_zag, layout_rooms, fedhas_altar_3, jmf_multi_god_temple2
D:7:      layout_basic, grunt_gozag_statues, minmay_temple_entry_poolview,
          enter_ossuary_2
D:8:      layout_cave_pods, grunt_temple_overflow_order_and_chaos_2,
          chequers_temple_overflow_statue_of_worship, uniq_prince_ribbit1
D:9:      layout_loops_corners, lemuel_crystal_altar, uniq_pikel

Skill      XL: |  1  2  3  4  5  6  7  8  9 10 |
---------------+-------------------------------+-----
Armour         | 4 5 6 7 8 |  8.1
Axes           | 3 4 6 7 |  7.7
Dodging        | 1 2 3 |  3.3
Shields        | 4 5 6 8 |  8.1
Maces & Flails | 2 3 |  3.5
Fighting       | 4 6 |  6.7
Stealth        | 1 2 3 |  3.8
Throwing       | 3 |  3.4
Polearms       | 4 |  4.9

Action                   |  1- 3 |  4- 6 |  7- 9 | 10-12 || total
-------------------------+-------+-------+-------+-------++-------
Melee: War axe           |    92 |     1 |       |       ||    93
       Flail             |       |   113 |       |       ||   113
       Hand axe          |       |     5 |   253 |       ||   258
       Trident           |       |       |    32 |   183 ||   215
Throw: Javelin           |       |       |     9 |       ||     9
       Dart              |       |       |    15 |       ||    15
 Abil: Dig               |       |    14 |    13 |    10 ||    37
  Use: Potion            |     1 |       |     7 |     1 ||     9
       Scroll            |       |     8 |    12 |     2 ||    22
 Stab: Invisible         |       |       |     1 |     9 ||    10
Armor: Scale mail        |    52 |    41 |    38 |    66 ||   197
       Chain mail        |       |    25 |   128 |       ||   153
       Skin              |       |       |    27 |       ||    27
Dodge: Dodged            |    44 |    54 |   131 |   112 ||   341
Block: Buckler           |    21 |    32 |    77 |       ||   130
       Kite shield       |       |       |    16 |   152 ||   168

Table legend: (Time is in decaauts)
 A = Elapsed time spent in this place.
 B = Non-inter-level travel time spent in this place.
 C = Inter-level travel time spent in this place.
 D = Time resting spent in this place.
 E = Time spent auto-exploring this place.
 F = Levels seen in this place.
 G = Mean time per level.
                   A        B        C        D        E       F      G
               +--------+--------+--------+--------+--------+-----+--------+
         Total |  11710 |  11710 |      0 |   2732 |      0 |  10 | 1171.0 |
       Dungeon |  11437 |  11437 |      0 |   2694 |      0 |   9 | 1270.8 |
       Ossuary |    272 |    272 |      0 |     38 |      0 |   1 |  272.0 |
               +--------+--------+--------+--------+--------+-----+--------+

Top non-repeatable levels by time:
     D:4: 1752 daAuts
     D:5: 1706 daAuts
     D:2: 1523 daAuts
     D:8: 1420 daAuts
     D:1: 1280 daAuts
     D:7: 1249 daAuts
     D:6: 1121 daAuts
     D:3: 763 daAuts
     D:9: 620 daAuts
 Ossuary: 272 daAuts
